Workbook

Sheet OFERTA ECONÓMICA
B1: OFERTA ECONÓMICA
E2: PRESTAR EL SERVICIO DE MANTENIMIENTO PREVENTIVO Y CORRECTIVO TÉCNICO INTEGRAL ESPECIALIZADO CON SUMINISTRO DE INSUMOS Y REPUESTOS, PARA CINCO (5) ASCENSORES DE PASAJEROS MARCA GOLDSTAR CON CONTROL HOSTING MONARCH, DE PROPIEDAD DE LA FISCALÍA GENERAL DE LA NACIÓN.
B4: ITEM | C4: DESCRIPCIÓN | D4: UNIDAD DE MEDIDA | E4: VIGENCIA 2026 — UN (1) MES DE EJECUCIÓN | J4: VIGENCIA 2027 — DOCE (12) MESES DE EJECUCIÓN | O4: VIGENCIA 2028 — ONCE (11) MESES DE EJECUCIÓN | T4: VALOR TOTAL OFERTA 24 MESES CON IVA
E5: CANTIDAD (MESES) | F5: VALOR UNITARIO SIN IVA | G5: IVA | H5: VALOR UNITARIO CON IVA | I5: VALOR TOTAL CON IVA | J5: CANTIDAD (MESES) | K5: VALOR UNITARIO SIN IVA | L5: IVA | M5: VALOR UNITARIO CON IVA | N5: VALOR TOTAL CON IVA | O5: CANTIDAD (MESES) | P5: VALOR UNITARIO SIN IVA | Q5: IVA | R5: VALOR UNITARIO CON IVA | S5: VALOR TOTAL CON IVA
B6: 1 | C6: Servicio de Mantenimiento MENSUAL preventivo y correctivo técnico integral especializado para un ascensor de pasajeros marca GOLDSTAR, con control HOSTING MONARCH cuatro (4) paradas. Capacidad =680 Kg -10 Personas | D6: MES | E6: 1 | G6: 0.19 | H6: =ROUND(G6*F6+F6,2) -> 0 | I6: =ROUND(H6*E6,2) -> 0 | J6: 12 | L6: 0.19 | M6: =ROUND(L6*K6+K6,2) -> 0 | N6: =ROUND(M6*J6,2) -> 0 | O6: 11 | Q6: 0.19 | R6: =ROUND(Q6*P6+P6,2) -> 0 | S6: =ROUND(R6*O6,2) -> 0 | T6: =I6+N6+S6 -> 0
B7: 2 | C7: Prestación del servicio de Mantenimiento MENSUAL preventivo y correctivo técnico integral especializado para un ascensor de pasajeros marca GOLDSTAR, con control HOSTING MONARCH cinco (5) paradas. Capacidad =680 Kg - 10 Personas | D7: MES | E7: 1 | G7: 0.19 | H7: =ROUND(G7*F7+F7,2) -> 0 | I7: =ROUND(H7*E7,2) -> 0 | J7: 12 | L7: 0.19 | M7: =ROUND(L7*K7+K7,2) -> 0 | N7: =ROUND(M7*J7,2) -> 0 | O7: 11 | Q7: 0.19 | R7: =ROUND(Q7*P7+P7,2) -> 0 | S7: =ROUND(R7*O7,2) -> 0 | T7: =I7+N7+S7 -> 0
B8: 3 | C8: Servicio de Mantenimiento MENSUAL preventivo y correctivo técnico integral especializado para un ascensor de pasajeros marca GOLDSTAR, con control HOSTING MONARCH seis (6) paradas. Capacidad =680 Kg - 10 Personas | D8: MES | E8: 1 | G8: 0.19 | H8: =ROUND(G8*F8+F8,2) -> 0 | I8: =ROUND(H8*E8,2) -> 0 | J8: 12 | L8: 0.19 | M8: =ROUND(L8*K8+K8,2) -> 0 | N8: =ROUND(M8*J8,2) -> 0 | O8: 11 | Q8: 0.19 | R8: =ROUND(Q8*P8+P8,2) -> 0 | S8: =ROUND(R8*O8,2) -> 0 | T8: =I8+N8+S8 -> 0
B9: 4 | C9: Prestación del servicio de Mantenimiento MENSUAL preventivo y correctivo técnico integral especializado para un ascensor de pasajeros marca GOLDSTAR, con control HOSTING MONARCH seis (6) paradas. Capacidad =680 Kg – 10 Personas | D9: MES | E9: 1 | G9: 0.19 | H9: =ROUND(G9*F9+F9,2) -> 0 | I9: =ROUND(H9*E9,2) -> 0 | J9: 12 | L9: 0.19 | M9: =ROUND(L9*K9+K9,2) -> 0 | N9: =ROUND(M9*J9,2) -> 0 | O9: 11 | Q9: 0.19 | R9: =ROUND(Q9*P9+P9,2) -> 0 | S9: =ROUND(R9*O9,2) -> 0 | T9: =I9+N9+S9 -> 0
B10: 5 | C10: Servicio de Mantenimiento MENSUAL preventivo y correctivo técnico integral especializado para un ascensor de pasajeros marca GOLDSTAR, con control HOSTING MONARCH, seis (6) paradas. Capacidad =680 Kg – 10 Personas | D10: MES | E10: 1 | G10: 0.19 | H10: =ROUND(G10*F10+F10,2) -> 0 | I10: =ROUND(H10*E10,2) -> 0 | J10: 12 | L10: 0.19 | M10: =ROUND(L10*K10+K10,2) -> 0 | N10: =ROUND(M10*J10,2) -> 0 | O10: 11 | Q10: 0.19 | R10: =ROUND(Q10*P10+P10,2) -> 0 | S10: =ROUND(R10*O10,2) -> 0 | T10: =I10+N10+S10 -> 0
B11: SUBTOTAL PRESTACIONES MENSUALES DEL SERVICIO (ítems 1 a 5) | I11: =ROUND(SUM(I6:I10),2) -> 0 | N11: =ROUND(SUM(N6:N10),2) -> 0 | S11: =ROUND(SUM(S6:S10),2) -> 0 | T11: =I11+N11+S11 -> 0
B13: PRECIOS UNITARIOS DE REFERENCIA PARA LA EJECUCIÓN DE LA BOLSA DE REPUESTOS — NO SE ACUMULAN AL VALOR TOTAL DE LA OFERTA
B14: ITEM | C14: DESCRIPCIÓN | D14: UNIDAD DE MEDIDA | E14: VIGENCIA 2026 | J14: VIGENCIA 2027 | O14: VIGENCIA 2028 | T14: OBSERVACIÓN
E15: CANT. REF. | F15: VALOR UNITARIO SIN IVA | G15: IVA | H15: VALOR UNITARIO CON IVA | I15: VALOR TOTAL CON IVA | J15: CANT. REF. | K15: VALOR UNITARIO SIN IVA | L15: IVA | M15: VALOR UNITARIO CON IVA | N15: VALOR TOTAL CON IVA | O15: CANT. REF. | P15: VALOR UNITARIO SIN IVA | Q15: IVA | R15: VALOR UNITARIO CON IVA | S15: VALOR TOTAL CON IVA
B16: 6 | C16: Fuente para Citófono y Luz de Emergencia Ref. RKP | D16: UN | E16: 1 | G16: 0.19 | H16: =ROUND(G16*F16+F16,2) -> 0 | I16: =ROUND(H16*E16,2) -> 0 | J16: 1 | L16: 0.19 | M16: =ROUND(L16*K16+K16,2) -> 0 | N16: =ROUND(M16*J16,2) -> 0 | O16: 1 | Q16: 0.19 | R16: =ROUND(Q16*P16+P16,2) -> 0 | S16: =ROUND(R16*O16,2) -> 0 | T16: No acumulable
B17: 7 | C17: Cortinas de Luz Infra Roja | D17: UN | E17: 1 | G17: 0.19 | H17: =ROUND(G17*F17+F17,2) -> 0 | I17: =ROUND(H17*E17,2) -> 0 | J17: 1 | L17: 0.19 | M17: =ROUND(L17*K17+K17,2) -> 0 | N17: =ROUND(M17*J17,2) -> 0 | O17: 1 | Q17: 0.19 | R17: =ROUND(Q17*P17+P17,2) -> 0 | S17: =ROUND(R17*O17,2) -> 0 | T17: No acumulable
B18: 8 | C18: CABLE DE TRACCIÓN 12MM 8x19 W - FC F819 | D18: ML | E18: 1 | G18: 0.19 | H18: =ROUND(G18*F18+F18,2) -> 0 | I18: =ROUND(H18*E18,2) -> 0 | J18: 1 | L18: 0.19 | M18: =ROUND(L18*K18+K18,2) -> 0 | N18: =ROUND(M18*J18,2) -> 0 | O18: 1 | Q18: 0.19 | R18: =ROUND(Q18*P18+P18,2) -> 0 | S18: =ROUND(R18*O18,2) -> 0 | T18: No acumulable
B19: 9 | C19: Límite Normalmente Cerrado Ref.: S3-1370 | D19: UN | E19: 1 | G19: 0.19 | H19: =ROUND(G19*F19+F19,2) -> 0 | I19: =ROUND(H19*E19,2) -> 0 | J19: 1 | L19: 0.19 | M19: =ROUND(L19*K19+K19,2) -> 0 | N19: =ROUND(M19*J19,2) -> 0 | O19: 1 | Q19: 0.19 | R19: =ROUND(Q19*P19+P19,2) -> 0 | S19: =ROUND(R19*O19,2) -> 0 | T19: No acumulable
B20: 10 | C20: Micro para Operador + GATL/W Contacto Abierto Coreano. | D20: UN | E20: 1 | G20: 0.19 | H20: =ROUND(G20*F20+F20,2) -> 0 | I20: =ROUND(H20*E20,2) -> 0 | J20: 1 | L20: 0.19 | M20: =ROUND(L20*K20+K20,2) -> 0 | N20: =ROUND(M20*J20,2) -> 0 | O20: 1 | Q20: 0.19 | R20: =ROUND(Q20*P20+P20,2) -> 0 | S20: =ROUND(R20*O20,2) -> 0 | T20: No acumulable
B22: A. PRESTACIONES MENSUALES DEL SERVICIO (ítems 1 a 5, veinticuatro (24) meses) | P22: =T11 -> 0
B23: B. BOLSA DE REPUESTOS — valor fijo determinado por la Entidad, ejecutable por demanda | P23: 72447193
B24: VALOR TOTAL DE LA OFERTA INCLUIDO IVA (A + B) | P24: =ROUND(P22+P23,2) -> 72447193
B26: 1. El oferente debe diligenciar únicamente las casillas resaltadas (VALOR UNITARIO SIN IVA) para cada uno de los ítems y para cada una de las tres (3) vigencias de ejecución. Las demás casillas contienen fórmulas y no deben modificarse.
B27: 2. El plazo de ejecución es de veinticuatro (24) meses, distribuidos así: un (1) mes en la vigencia 2026, doce (12) meses en la vigencia 2027 y once (11) meses en la vigencia 2028. El precio unitario ofertado para cada vigencia aplica únicamente a las prestaciones ejecutadas dentro de ella.
B28: 3. El valor unitario ofertado para cada ítem no puede superar el precio techo fijado para la respectiva vigencia en el estudio del sector y en el pliego de condiciones. La oferta que supere el precio techo de cualquier ítem en cualquiera de las vigencias será rechazada.
B29: 4. Los valores unitarios de los ítems 6 a 10 son precios de referencia que rigen la ejecución de la bolsa de repuestos y no se acumulan al valor total de la oferta. La cantidad de uno (1) obedece a que la reposición es de ocurrencia aleatoria.
B30: 5. La bolsa de repuestos es un valor fijo determinado por la Entidad, que se ejecuta por demanda con autorización previa de la supervisión. No es objeto de puja.
B31: 6. El valor ofertado debe comprender la totalidad de los costos directos e indirectos, el IVA, los impuestos, tasas y contribuciones a que haya lugar, el transporte, el personal, la constitución de las garantías y la obtención de las certificaciones ante organismo acreditado por la ONAC, sin costo adicional para la Entidad.
B32: 7. La oferta debe presentarse con máximo dos (2) decimales, aplicando el redondeo estándar.
B34: IDENTIFICACIÓN
B35: OFERENTE
B36: FECHA

Sheet PRECIOS TECHO (VERIFICACIÓN)
B2: PRECIOS TECHO POR VIGENCIA — VERIFICACIÓN DE LA OFERTA (uso interno de la Entidad)
B4: ÍTEM | C4: DESCRIPCIÓN | D4: UNIDAD | E4: PRECIO TECHO SIN IVA | H4: VALOR OFERTADO SIN IVA
E5: 2026 | F5: 2027 | G5: 2028 | H5: 2026 | I5: 2027 | J5: 2028
B6: 1 | C6: Prestación mensual del servicio — ascensor C1, cuatro (4) paradas | D6: MES | E6: 766320 | F6: 800038.08 | G6: 824039.22 | H6: ='OFERTA ECONÓMICA'!F6 -> 0 | I6: ='OFERTA ECONÓMICA'!K6 -> 0 | J6: ='OFERTA ECONÓMICA'!P6 -> 0
B7: 2 | C7: Prestación mensual del servicio — ascensor C2, cinco (5) paradas | D7: MES | E7: 799589 | F7: 834770.92 | G7: 859814.05 | H7: ='OFERTA ECONÓMICA'!F7 -> 0 | I7: ='OFERTA ECONÓMICA'!K7 -> 0 | J7: ='OFERTA ECONÓMICA'!P7 -> 0
B8: 3 | C8: Prestación mensual del servicio — ascensor F1, seis (6) paradas | D8: MES | E8: 817614 | F8: 853589.02 | G8: 879196.69 | H8: ='OFERTA ECONÓMICA'!F8 -> 0 | I8: ='OFERTA ECONÓMICA'!K8 -> 0 | J8: ='OFERTA ECONÓMICA'!P8 -> 0
B9: 4 | C9: Prestación mensual del servicio — ascensor F2, seis (6) paradas | D9: MES | E9: 817614 | F9: 853589.02 | G9: 879196.69 | H9: ='OFERTA ECONÓMICA'!F9 -> 0 | I9: ='OFERTA ECONÓMICA'!K9 -> 0 | J9: ='OFERTA ECONÓMICA'!P9 -> 0
B10: 5 | C10: Prestación mensual del servicio — ascensor L1, seis (6) paradas | D10: MES | E10: 817614 | F10: 853589.02 | G10: 879196.69 | H10: ='OFERTA ECONÓMICA'!F10 -> 0 | I10: ='OFERTA ECONÓMICA'!K10 -> 0 | J10: ='OFERTA ECONÓMICA'!P10 -> 0
B11: 6 | C11: Fuente para citófono y luz de emergencia Ref. RKP | D11: UN | E11: 96577.95 | F11: 100827.38 | G11: 103852.2 | H11: ='OFERTA ECONÓMICA'!F16 -> 0 | I11: ='OFERTA ECONÓMICA'!K16 -> 0 | J11: ='OFERTA ECONÓMICA'!P16 -> 0
B12: 7 | C12: Cortinas de luz infrarroja | D12: UN | E12: 497273.7 | F12: 519153.74 | G12: 534728.35 | H12: ='OFERTA ECONÓMICA'!F17 -> 0 | I12: ='OFERTA ECONÓMICA'!K17 -> 0 | J12: ='OFERTA ECONÓMICA'!P17 -> 0
B13: 8 | C13: Cable de tracción 12 mm 8x19 W-FC F819 | D13: ML | E13: 17195.85 | F13: 17952.47 | G13: 18491.04 | H13: ='OFERTA ECONÓMICA'!F18 -> 0 | I13: ='OFERTA ECONÓMICA'!K18 -> 0 | J13: ='OFERTA ECONÓMICA'!P18 -> 0
B14: 9 | C14: Límite normalmente cerrado Ref. S3-1370 | D14: UN | E14: 28459.67 | F14: 29711.9 | G14: 30603.26 | H14: ='OFERTA ECONÓMICA'!F19 -> 0 | I14: ='OFERTA ECONÓMICA'!K19 -> 0 | J14: ='OFERTA ECONÓMICA'!P19 -> 0
B15: 10 | C15: Micro para operador + GATL/W contacto abierto coreano | D15: UN | E15: 35240.68 | F15: 36791.27 | G15: 37895.01 | H15: ='OFERTA ECONÓMICA'!F20 -> 0 | I15: ='OFERTA ECONÓMICA'!K20 -> 0 | J15: ='OFERTA ECONÓMICA'!P20 -> 0
B17: PRESUPUESTO OFICIAL DEL PROCESO (incluido IVA) | H17: 1.9371003e+08
B18: VALOR TOTAL DE LA OFERTA (incluido IVA) | H18: ='OFERTA ECONÓMICA'!P24 -> 72447193
